[Event "Titled Tuesday Blitz February 15 Early 2022"]
[White "Lakshmi C"]
[Black "Aradhya, Garg"]
[WhiteFideId "25035347"]
[BlackFideId "25006746"]
[WhiteElo "1775"]
[BlackElo "2169"]
[Result "0-1"]
[Round "01"]
[TimeControl "180+1"]
[Date "2022.02.15"]
[WhiteClock "0:00:28"]
[BlackClock "0:00:06"]

1. e4 e5 2. Nf3 Nc6 3. Bb5 a6 4. Ba4 Bc5 5. O-O Nge7 6. c3 Ng6 7. d4 Ba7 8. Bg5 f6 9. Be3 O-O 10. Bb3+ Kh8 11. Nbd2 d6 12. h3 Qe8 13. Re1 Nd8 14. Nf1 Ne6 15. Ng3 Nef4 16. Bd2 Be6 17. Bc2 Qd7 18. Nf5 Bxf5 19. exf5 Ne7 20. Bxf4 exf4 21. Qd3 d5 22. Re6 Rae8 23. Rae1 c6 24. Qd2 Bb8 25. Nh2 Nc8 26. Qe2 Rxe6 27. fxe6 Qe8 28. Qg4 Ne7 29. Nf3 g5 30. Nd2 Kg7 31. h4 h5 32. Qf3 g4 33. Qd3 Qg6 34. Qxg6+ Nxg6 35. Nb3 b6 36. Bd3 a5 37. c4 Ne7 38. c5 a4 39. Nd2 b5 40. b3 a3 41. b4 Bc7 42. Kh2 f5 43. f3 Kf6 44. Nb1 Ra8 45. Nc3 Ng6 46. Bxb5 gxf3 47. Bxc6 f2 48. Rf1 f3+ 49. Kh1 Nxh4 50. gxf3 Ra7 51. Bxd5 Bg3 52. Nd1 Rg7 53. Nxf2 Bxf2 54. Rxf2 f4 55. Rh2 Nf5 56. Rg2 Rxg2 57. Kxg2 Ne3+ 58. Kf2 Nxd5 59. b5 Kxe6 60. b6 Kd7 61. Kg2 Kc6 62. Kh3 Nb4 63. Kh4 Nxa2 64. d5+ Kb7 65. d6 Kc6 66. d7 Kxd7 67. b7 Kc7 68. c6 Nb4 69. Kxh5 Nxc6 70. Kg4 a2 71. Kxf4 a1=Q 0-1


[Site "https://www.chess.com"]

[Event "Titled Tuesday Blitz February 15 Early 2022"]
[White "Lazavik, Denis"]
[Black "Pires, Marcos Vinicius Torsani"]
[WhiteFideId "13515110"]
[BlackFideId "2118939"]
[WhiteElo "2436"]
[BlackElo "2273"]
[Result "1-0"]
[Round "01"]
[TimeControl "180+1"]
[Date "2022.02.15"]
[WhiteClock "0:00:27"]
[BlackClock "0:01:03"]

1. d4 c6 2. c4 d5 3. Nf3 Nf6 4. e3 a6 5. Bd3 Bg4 6. Nbd2 e6 7. b3 Nbd7 8. Bb2 Bd6 9. h3 Bh5 10. O-O O-O 11. Qc2 Bg6 12. Bxg6 hxg6 13. e4 dxe4 14. Nxe4 Be7 15. Neg5 Nh5 16. h4 Bf6 17. Rfe1 Qc7 18. g3 Rfe8 19. Kg2 c5 20. Rad1 cxd4 21. Bxd4 Bxd4 22. Rxd4 Nhf6 23. Red1 Nf8 24. Ne4 Rad8 25. Nfg5 Rxd4 26. Rxd4 Rd8 27. Qd2 Rxd4 28. Qxd4 Qc6 29. f3 Nxe4 30. Nxe4 Nd7 31. Qd6 Qc8 32. Qe7 Nf8 33. Qxf7+ Kxf7 34. Nd6+ Kf6 35. Nxc8 Ke5 36. Kf2 Kd4 37. Nd6 b6 38. Ne4 Kd3 39. c5 bxc5 40. Nxc5+ Kc2 41. Nxa6 Kb2 42. Nb4 Ka3 43. Nd3 Kxa2 44. b4 Nd7 45. Ke3 Kb3 46. Nc5+ 1-0


[Site "https://www.chess.com"]

[Event "Titled Tuesday Blitz February 15 Early 2022"]
[White "Leve, Nitai"]
[Black "Mischuk, Dmitry"]
[WhiteFideId "2006898"]
[BlackFideId "14118734"]
[WhiteElo "2144"]
[BlackElo "2256"]
[Result "0-1"]
[Round "01"]
[TimeControl "180+1"]
[Date "2022.02.15"]
[WhiteClock "0:00:03"]
[BlackClock "0:00:03"]

1. e4 c5 2. Nf3 Nc6 3. d4 cxd4 4. Nxd4 g6 5. Nc3 Bg7 6. Be3 Nf6 7. Be2 d5 8. Nxc6 bxc6 9. e5 Nd7 10. f4 O-O 11. O-O e6 12. b4 f6 13. b5 cxb5 14. Nxd5 fxe5 15. fxe5 Rxf1+ 16. Bxf1 Nxe5 17. Nc3 Qxd1 18. Rxd1 a6 19. Rd8+ Kf7 20. Ne4 Bf8 21. Bf4 Nc6 22. Nd6+ Bxd6 23. Rxd6 Ne7 24. Rd8 Bb7 25. Rd7 Bc6 26. Rc7 Rc8 27. Ra7 Ra8 28. Rc7 Rc8 29. Ra7 Bd5 30. Bd6 Re8 31. Rxa6 Kf6 32. Bxb5 Rc8 33. Bd3 Nf5 34. Bf4 g5 35. Bd2 h5 36. a4 Nd4 37. c3 Nb3 38. Be1 Nc5 39. Be2 Nxa6 40. Bxa6 Ra8 41. Bb5 Ke5 42. c4 Be4 43. Bc3+ Kf5 44. a5 Bb7 45. c5 Ba6 46. Bc6 Rc8 47. Bf3 Rxc5 48. Bd4 Rc1+ 49. Kf2 g4 0-1


[Site "https://www.chess.com"]

[Event "Titled Tuesday Blitz February 15 Early 2022"]
[White "Lewtak, Damian"]
[Black "Lopez Mulet, Inigo"]
[WhiteFideId "1141724"]
[BlackFideId "22235620"]
[WhiteElo "2361"]
[BlackElo "2315"]
[Result "1-0"]
[Round "01"]
[TimeControl "180+1"]
[Date "2022.02.15"]
[WhiteClock "0:00:12"]
[BlackClock "0:00:13"]

1. e4 c5 2. Nf3 g6 3. g3 Bg7 4. Nc3 Nc6 5. Bg2 d6 6. O-O h5 7. Re1 Bg4 8. h3 Bxf3 9. Bxf3 h4 10. g4 e6 11. d3 Nge7 12. Bg2 a6 13. Be3 b5 14. Qd2 Qa5 15. Bg5 Bd4 16. Red1 f6 17. Bf4 O-O-O 18. a3 g5 19. Be3 Ng6 20. b4 Qb6 21. bxc5 dxc5 22. Rab1 Rd7 23. e5 Ncxe5 24. Ne4 Rf8 25. c3 Bxe3 26. Qxe3 Nf4 27. Nxf6 Rxf6 28. Qxe5 Rdf7 29. Bf1 Qc6 30. Qxg5 Qf3 31. Qxc5+ Rc7 32. Qe3 Qd5 33. c4 Qb7 34. cxb5 axb5 35. Rdc1 Rxc1 36. Rxc1+ Kd8 37. Qe5 Rf7 38. Qd6+ Ke8 39. d4 Qd7 40. Bxb5 Nxh3+ 41. Kh1 Nxf2+ 42. Kg2 h3+ 43. Kh2 Nxg4+ 44. Kg3 Rf3+ 45. Kxf3 Qxb5 46. Rc8+ Kf7 47. Qf8+ Kg6 48. Qg8+ Kh6 49. Qh8+ Kg6 50. Rg8+ Kf7 51. Qg7# 1-0


[Site "https://www.chess.com"]

[Event "Titled Tuesday Blitz February 15 Early 2022"]
[White "Lodici, Lorenzo"]
[Black "Buscar, Michael"]
[WhiteFideId "884189"]
[BlackFideId "2603616"]
[WhiteElo "2265"]
[BlackElo "2010"]
[Result "1-0"]
[Round "01"]
[TimeControl "180+1"]
[Date "2022.02.15"]
[WhiteClock "0:01:07"]
[BlackClock "0:00:54"]

1. e4 e5 2. Nf3 Nf6 3. Nc3 Nc6 4. Bb5 Bc5 5. d3 d6 6. Be3 Bb6 7. Bxb6 axb6 8. d4 exd4 9. Nxd4 Bd7 10. Bxc6 bxc6 11. O-O O-O 12. Qf3 Ra5 13. h3 Re5 14. Qf4 Rfe8 15. Nf3 R5e7 16. Rfe1 c5 17. Re3 Bc6 18. Rae1 Qa8 19. e5 Nd5 20. Nxd5 Bxd5 21. exd6 Rxe3 22. Rxe3 Rxe3 23. fxe3 cxd6 24. Qxd6 g6 25. Ne5 Qxa2 26. Qxb6 Qb1+ 27. Kh2 Qxc2 28. Qd8+ Kg7 29. Qxd5 Qxb2 30. Qxf7+ Kh6 31. Ng4+ 1-0


[Site "https://www.chess.com"]

[Event "Titled Tuesday Blitz February 15 Early 2022"]
[White "Lopez Del Alamo, Antonio"]
[Black "Atakhan, Abtin"]
[WhiteFideId "2227339"]
[BlackFideId "22502203"]
[WhiteElo "2082"]
[BlackElo "2119"]
[Result "0-1"]
[Round "01"]
[TimeControl "180+1"]
[Date "2022.02.15"]
[WhiteClock "0:00:13"]
[BlackClock "0:00:29"]

1. e4 c6 2. d4 d5 3. Nc3 dxe4 4. Nxe4 Nf6 5. Nxf6+ exf6 6. Be3 Bd6 7. c3 O-O 8. Bd3 Re8 9. Ne2 Nd7 10. O-O Nf8 11. Qc2 h5 12. Nf4 h4 13. h3 Qc7 14. Ne2 Be6 15. Bf5 Rad8 16. Rfe1 g6 17. Bxe6 Nxe6 18. Rad1 f5 19. Bc1 b5 20. Kh1 Qe7 21. Ng1 Bb8 22. Nf3 Qd6 23. Kg1 f6 24. Re2 Kg7 25. Rde1 Nc7 26. Qd2 g5 27. Qd3 Kg6 28. Rxe8 Rxe8 29. Rxe8 Nxe8 30. Kf1 Ng7 31. Ng1 Qh2 32. Qe2 Qh1 33. f3 Kf7 34. Be3 Nh5 35. c4 Ng3+ 0-1


[Site "https://www.chess.com"]

[Event "Titled Tuesday Blitz February 15 Early 2022"]
[White "Loy, Konstantin"]
[Black "Orozbaev, Eldiar"]
[WhiteFideId "14122499"]
[BlackFideId "13802240"]
[WhiteElo "2084"]
[BlackElo "2050"]
[Result "1-0"]
[Round "01"]
[TimeControl "180+1"]
[Date "2022.02.15"]
[WhiteClock "0:00:11"]
[BlackClock "0:00:04"]

1. e4 e6 2. d3 d5 3. Nd2 Nc6 4. Ngf3 Bc5 5. c3 a5 6. d4 Bb6 7. e5 f6 8. exf6 Nxf6 9. Bd3 O-O 10. O-O Bd7 11. Re1 Qe8 12. Ne5 Nxe5 13. Rxe5 c5 14. Nf3 Bc7 15. Re1 c4 16. Bc2 Qh5 17. Ne5 Qxd1 18. Bxd1 Rae8 19. Bf3 Bc6 20. Bf4 Nd7 21. Bg3 Nxe5 22. Bxe5 Bxe5 23. Rxe5 Rf6 24. Rae1 Kf7 25. Bh5+ g6 26. Bd1 b5 27. a3 Rb8 28. Bg4 Bd7 29. Ra1 Ke7 30. g3 Kd6 31. f4 Rb6 32. h4 Rf8 33. Kf2 Rfb8 34. Rae1 1-0


[Site "https://www.chess.com"]

[Event "Titled Tuesday Blitz February 15 Early 2022"]
[White "Magallanes, Rey Jomar"]
[Black "Ianov, Viktor"]
[WhiteFideId "5205948"]
[BlackFideId "14102730"]
[WhiteElo "2194"]
[BlackElo "2215"]
[Result "1-0"]
[Round "01"]
[TimeControl "180+1"]
[Date "2022.02.15"]
[WhiteClock "0:00:25"]
[BlackClock "0:01:05"]

1. d4 d6 2. c4 g6 3. Nc3 Bg7 4. e4 Nf6 5. Nf3 O-O 6. Be2 Bg4 7. O-O Nfd7 8. Be3 c5 9. h3 Bxf3 10. Bxf3 cxd4 11. Bxd4 Bxd4 12. Qxd4 Nc6 13. Qd2 Nc5 14. Be2 a5 15. f4 a4 16. Rab1 Qa5 17. Rfd1 Rfd8 18. Qe3 Nb4 19. Rd2 Rac8 20. Rbd1 a3 21. b3 Kg7 22. e5 Ne6 23. exd6 exd6 24. Rxd6 Rxd6 25. Rxd6 Rd8 26. Rxd8 Qxd8 27. Kf2 Qf6 28. g3 Qd4 29. Qxd4+ Nxd4 30. g4 f5 31. Ke3 Ndc6 32. gxf5 gxf5 33. Bd3 Kg6 34. Bb1 Kf6 35. Nb5 Ne7 36. Nxa3 Ng6 37. Nb5 Na6 38. Nd6 Nc5 39. Nxf5 Ne6 40. Nd6 Nexf4 41. Bxg6 Nxg6 42. Nxb7 Ke5 43. a4 Nf4 44. a5 Ne6 45. b4 h5 46. a6 Nc7 47. b5 1-0


[Site "https://www.chess.com"]

[Event "Titled Tuesday Blitz February 15 Early 2022"]
[White "Manukyan, Artyom"]
[Black "Winkels, Marcel"]
[WhiteFideId "13305786"]
[BlackFideId "1003887"]
[WhiteElo "2034"]
[BlackElo "1900"]
[Result "1/2-1/2"]
[Round "01"]
[TimeControl "180+1"]
[Date "2022.02.15"]
[WhiteClock "0:00:11"]
[BlackClock "0:00:04"]

1. Nf3 Nf6 2. c4 g6 3. g3 Bg7 4. Bg2 O-O 5. O-O c6 6. d4 d5 7. b3 Ne4 8. Bb2 Bf5 9. Nh4 Bc8 10. Nd2 Nxd2 11. Qxd2 dxc4 12. bxc4 Nd7 13. e4 Nb6 14. Rac1 Qc7 15. Rfd1 Bg4 16. Nf3 Rad8 17. h3 Bxf3 18. Bxf3 c5 19. d5 Bxb2 20. Qxb2 f6 21. Bg4 Qe5 22. Be6+ Kg7 23. Qe2 Na4 24. f4 Qb2 25. Rc2 Qb4 26. Qd3 Nb2 27. Rxb2 Qxb2 28. Rd2 Qc1+ 29. Kg2 Rb8 30. Rc2 Qa1 31. h4 h5 32. Qf3 Qd4 33. f5 Qe5 34. fxg6 Kxg6 35. Bf5+ Kg7 36. Qxh5 Rh8 37. Qg6+ Kf8 38. Rf2 Rg8 39. Qh6+ Ke8 40. g4 Kd8 41. h5 Kc7 42. Qf4 Qxf4 43. Rxf4 Kd6 44. Kf3 b5 45. cxb5 Rxb5 46. h6 c4 47. h7 Rh8 48. Ke3 Rb2 49. Kd4 Rxa2 50. Kxc4 Ra4+ 51. Kb3 Rd4 52. Kc3 Rd1 53. Rf2 Rc1+ 54. Kb2 Rc7 55. Rf3 a5 56. Ra3 Rb7+ 57. Kc3 Rb5 58. Kc4 Rc5+ 59. Kd4 Rb5 60. Kc4 Rb4+ 61. Kc3 Rb5 62. Kc4 1/2-1/2


[Site "https://www.chess.com"]

[Event "Titled Tuesday Blitz February 15 Early 2022"]
[White "Marcinczyk, Monika"]
[Black "Kouskoutis, Georgios-Alexandros"]
[WhiteFideId "1192051"]
[BlackFideId "4234049"]
[WhiteElo "1730"]
[BlackElo "2130"]
[Result "1-0"]
[Round "01"]
[TimeControl "180+1"]
[Date "2022.02.15"]
[WhiteClock "0:00:12"]
[BlackClock "0:00:04"]

1. e4 c5 2. Nc3 Nc6 3. g3 g6 4. Bg2 Bg7 5. d3 d6 6. f4 e6 7. Nf3 Nge7 8. O-O O-O 9. Ne2 Rb8 10. c3 b5 11. d4 cxd4 12. Nexd4 Nxd4 13. cxd4 d5 14. e5 b4 15. Bd2 a5 16. a3 Ba6 17. Rf2 Nc6 18. axb4 Nxb4 19. Ne1 Qb6 20. Bc3 Rfc8 21. Qa4 Nc6 22. Nf3 Bb5 23. Bxa5 Nxa5 24. Qxa5 Rc1+ 25. Bf1 Qxa5 26. Rxa5 Bf8 27. Kg2 Bxf1+ 28. Rxf1 Rxb2+ 29. Rf2 Rxf2+ 30. Kxf2 Rc2+ 31. Ke3 h6 32. Ra8 Kg7 33. g4 Rg2 34. f5 Rxg4 35. f6+ Kg8 36. Ne1 Rh4 37. Nd3 Rxh2 38. Nc5 Rh3+ 39. Kf4 Rh4+ 40. Ke3 Rh3+ 41. Ke2 Rh4 42. Nd7 Rxd4 43. Rxf8+ Kh7 44. Rxf7+ Kg8 45. Rg7+ Kh8 46. Nf8 1-0


[Site "https://www.chess.com"]

[Event "Titled Tuesday Blitz February 15 Early 2022"]
[White "Martin, Lewis"]
[Black "FGHSMN"]
[WhiteFideId "410551"]
[WhiteElo "2145"]
[BlackElo "2721"]
[Result "0-1"]
[Round "01"]
[TimeControl "180+1"]
[Date "2022.02.15"]
[WhiteClock "0:00:13"]
[BlackClock "0:00:24"]

1. e4 c5 2. Nf3 e6 3. d4 cxd4 4. Nxd4 a6 5. Nc3 Qc7 6. g3 b5 7. a3 Bb7 8. Bg2 Nf6 9. O-O d6 10. Re1 Be7 11. h3 Nbd7 12. g4 h6 13. Nde2 g5 14. Ng3 Ne5 15. Be3 Nc4 16. Qc1 Nxe3 17. Qxe3 Nd7 18. Rad1 Ne5 19. Re2 Qc5 20. Qxc5 dxc5 21. b3 Rd8 22. Red2 O-O 23. a4 Bc6 24. axb5 axb5 25. Rxd8 Rxd8 26. Rxd8+ Bxd8 27. Bf1 Nf3+ 28. Kh1 Nd4 29. Bd3 Ba5 30. Nce2 Nxe2 31. Nxe2 c4 32. bxc4 bxc4 33. Bxc4 Bxe4+ 34. Kg1 Bxc2 35. Ng3 Bc7 36. Nh5 Be5 37. Kg2 Kf8 38. Be2 Ke7 39. h4 gxh4 40. Kh3 Bd4 41. f4 Bf2 42. g5 hxg5 43. fxg5 Bf5+ 44. Kg2 Be3 45. Ng7 Be4+ 46. Kh3 Bxg5 47. Kg4 Bf6 48. Nh5 Bf5+ 49. Kf4 h3 50. Bf3 h2 51. Kg3 Be5+ 52. Kg2 Kd6 53. Ng3 Bxg3 54. Kxg3 Ke5 55. Kxh2 Kf4 56. Be2 Bg4 57. Bb5 f5 58. Kg2 e5 59. Kf2 e4 60. Kf1 e3 61. Ke1 Kg3 62. Kf1 f4 63. Bc6 f3 64. Bd5 e2+ 65. Ke1 f2+ 66. Kd2 e1=Q+ 0-1


[Site "https://www.chess.com"]

[Event "Titled Tuesday Blitz February 15 Early 2022"]
[White "Martinez Alcantara, Jose Eduardo"]
[Black "Poormosavi, Seyed Kian"]
[WhiteFideId "3805662"]
[BlackFideId "12585807"]
[WhiteElo "2690"]
[BlackElo "2116"]
[Result "1-0"]
[Round "01"]
[TimeControl "180+1"]
[Date "2022.02.15"]
[WhiteClock "0:00:34"]
[BlackClock "0:00:02"]

1. e4 c6 2. d4 d5 3. e5 c5 4. Nf3 e6 5. c3 Nc6 6. Bd3 Bd7 7. O-O Qb6 8. dxc5 Bxc5 9. b4 Be7 10. Bf4 O-O-O 11. a4 Qc7 12. Nbd2 Nh6 13. Re1 Nf5 14. Rc1 Rhg8 15. b5 Na5 16. c4 d4 17. Ne4 Kb8 18. c5 Bc8 19. h3 h5 20. Bh2 g5 21. g4 hxg4 22. hxg4 Nh4 23. Nxh4 gxh4 24. Kh1 Rg7 25. Nd6 Rdg8 26. f3 Bd7 27. Be4 b6 28. c6 Bc8 29. Rc2 Rd8 30. Qxd4 f6 31. Rd1 fxe5 32. Bxe5 Nb3 33. Qc3 Nc5 34. Bxg7 Bxd6 35. Rcd2 Be7 36. Be5 1-0


[Site "https://www.chess.com"]

[Event "Titled Tuesday Blitz February 15 Early 2022"]
[White "Martirosyan, Haik M."]
[Black "Shtyka, Sergey"]
[WhiteFideId "13306553"]
[BlackFideId "4138465"]
[WhiteElo "2735"]
[BlackElo "2014"]
[Result "1/2-1/2"]
[Round "01"]
[TimeControl "180+1"]
[Date "2022.02.15"]
[WhiteClock "0:01:08"]
[BlackClock "0:00:17"]

1. c4 c5 2. Nc3 Nc6 3. g3 g6 4. Bg2 Bg7 5. Nf3 Nf6 6. O-O O-O 7. d3 d6 8. Bd2 Bd7 9. a3 a6 10. Rb1 Rb8 11. b4 cxb4 12. axb4 b5 13. cxb5 axb5 14. Ne1 Nd4 15. e3 Nf5 16. Nf3 Ne8 17. Qe2 Nc7 18. Rfc1 Ne6 19. Nd5 Rc8 20. Rxc8 Bxc8 21. Bc3 Bb7 22. Bxg7 Kxg7 23. Nd2 Bxd5 24. Bxd5 Qc7 25. Nb3 Rc8 26. Bxe6 fxe6 27. e4 Nh6 28. Nd4 Qd7 29. Ra1 e5 30. Nc2 Nf7 31. Ne3 e6 32. h4 Nd8 33. h5 Nc6 34. Nc2 Nd4 35. Nxd4 exd4 36. e5 d5 37. Qg4 Rc7 38. Qf4 Rc3 39. h6+ Kg8 40. Qxd4 Qc8 41. Ra7 Rc7 42. Ra5 Qb8 43. Kg2 Rf7 44. Ra6 Qe8 45. Qb6 Re7 46. d4 g5 47. Ra5 g4 48. Qxb5 Qf8 49. Qe2 Rf7 50. Qxg4+ Kh8 51. Ra2 Rxf2+ 52. Rxf2 Qxf2+ 53. Kh3 Qh2+ 54. Kxh2 1/2-1/2


[Site "https://www.chess.com"]

[Event "Titled Tuesday Blitz February 15 Early 2022"]
[White "Matveeva, Olga"]
[Black "Jaracz, Pawel"]
[WhiteFideId "24107018"]
[BlackFideId "1102222"]
[WhiteElo "2083"]
[BlackElo "2429"]
[Result "0-1"]
[Round "01"]
[TimeControl "180+1"]
[Date "2022.02.15"]
[WhiteClock "0:00:34"]
[BlackClock "0:01:03"]

1. e4 c5 2. Nf3 e6 3. g3 b6 4. Bg2 Bb7 5. d4 cxd4 6. Nxd4 d6 7. Nc3 a6 8. O-O Qc7 9. Be3 Be7 10. f4 Nd7 11. Qd2 Ngf6 12. Rae1 b5 13. a3 O-O 14. Kh1 Nb6 15. b3 Rac8 16. Nde2 d5 17. e5 Ne4 18. Nxe4 dxe4 19. Nd4 Rfd8 20. Qe2 Nd5 21. Bg1 Bxa3 22. Qh5 g6 23. Qg4 e3 24. Nf3 Qxc2 25. Ng5 Qxg2+ 26. Kxg2 Nxf4# 0-1


[Site "https://www.chess.com"]

[Event "Titled Tuesday Blitz February 15 Early 2022"]
[White "Maze, Sebastien"]
[Black "Blokhin, Sofia"]
[WhiteFideId "613762"]
[BlackFideId "4508190"]
[WhiteElo "2462"]
[BlackElo "1762"]
[Result "1-0"]
[Round "01"]
[TimeControl "180+1"]
[Date "2022.02.15"]
[WhiteClock "0:00:10"]
[BlackClock "0:00:03"]

1. e4 c5 2. Nf3 e6 3. c4 a6 4. Nc3 d6 5. d4 cxd4 6. Nxd4 Nf6 7. Be2 Be7 8. O-O O-O 9. f4 b6 10. Be3 Bb7 11. Bf3 Qc7 12. Rc1 Nbd7 13. g4 g6 14. g5 Ne8 15. h4 e5 16. Nd5 Qd8 17. Ne2 Bxd5 18. cxd5 f5 19. exf5 gxf5 20. Rc6 e4 21. Bg2 Nc5 22. Nd4 Ng7 23. h5 Qd7 24. h6 Ne8 25. b4 Nd3 26. Qb3 a5 27. b5 Nc5 28. Qc4 Nc7 29. a4 Rab8 30. Rd1 Rb7 31. Bf1 Qe8 32. Be2 Qf7 33. Kf2 Nxd5 34. Rh1 Nxe3 35. Qxf7+ Kxf7 36. Kxe3 Ke8 37. Bc4 Kd7 38. Rxc5 dxc5 39. Nc6 Rc7 40. Rd1+ Ke8 41. Be6 Rb7 42. Rd5 Rc7 43. Bxf5 Rf7 44. Bxe4 Rf8 45. Bxh7 Rh8 46. Bg6+ Kf8 47. Be4 Ke8 48. Kf3 Rd7 49. Bg6+ 1-0


[Site "https://www.chess.com"]

[Event "Titled Tuesday Blitz February 15 Early 2022"]
[White "Mejia, Cherry Ann"]
[Black "Bodnaruk, Anastasia"]
[WhiteFideId "5206880"]
[BlackFideId "4181751"]
[WhiteElo "2007"]
[BlackElo "2393"]
[Result "1/2-1/2"]
[Round "01"]
[TimeControl "180+1"]
[Date "2022.02.15"]
[WhiteClock "0:00:05"]
[BlackClock "0:00:03"]

1. e4 d6 2. Nc3 g6 3. d4 Bg7 4. Be3 a6 5. Bc4 b5 6. Bb3 e6 7. Qd2 Nd7 8. f3 c5 9. a4 c4 10. Ba2 Rb8 11. axb5 axb5 12. b4 Ne7 13. Bh6 O-O 14. h4 f6 15. Bxg7 Kxg7 16. h5 g5 17. h6+ Kh8 18. f4 gxf4 19. Qxf4 e5 20. dxe5 dxe5 21. Qg4 Rg8 22. Qe6 Rb6 23. Qf7 Nf8 24. Rd1 Qc7 25. Nxb5 Qb7 26. Rh4 Neg6 27. Qxb7 Bxb7 28. Nd6 Rxd6 29. Rxd6 Nxh4 30. Bxc4 Nxg2+ 31. Kf2 Nf4 32. Bxg8 Kxg8 33. Rxf6 Bxe4 34. Nf3 Nd7 35. Rd6 Bf5 36. b5 e4 37. Nd4 Bg4 38. c4 Ne5 39. b6 Nfd3+ 40. Ke3 Nxc4+ 41. Kxe4 Nxd6+ 42. Kxd3 Kf7 43. Ke3 Kg6 44. Kf4 Bh3 45. Nb5 Nb7 46. Nc3 Kxh6 47. Ne4 Kg6 48. Ng5 Bc8 49. Nxh7 Kxh7 50. Ke5 Kg7 51. Kd5 Bh3 52. Kc6 Bg2+ 53. Kc7 Kf6 54. Kb8 Ke6 55. Ka7 Kd6 56. Ka6 Kd7 57. Ka7 Kc6 58. Ka6 Nc5+ 59. Ka7 Bf3 60. Kb8 Kxb6 61. Kc8 Kc6 62. Kd8 Kd6 63. Ke8 Be4 64. Kf7 Ke5 65. Ke7 Bf5 66. Kf7 Nd3 67. Kg7 Ke6 68. Kh6 Kf6 69. Kh5 Nf2 70. Kh4 Ne4 71. Kh5 Ke5 72. Kh6 Ng3 73. Kg7 Ke6 74. Kh6 Kf6 1/2-1/2


[Site "https://www.chess.com"]

[Event "Titled Tuesday Blitz February 15 Early 2022"]
[White "Mikhnenko, Alexander"]
[Black "Nazari, Arad"]
[WhiteFideId "34143014"]
[BlackFideId "12577324"]
[WhiteElo "2140"]
[BlackElo "2120"]
[Result "0-1"]
[Round "01"]
[TimeControl "180+1"]
[Date "2022.02.15"]
[WhiteClock "0:00:43"]
[BlackClock "0:01:47"]

1. e4 c5 2. Nf3 d6 3. Bb5+ Nd7 4. O-O Nf6 5. Re1 e5 6. c3 a6 7. Bf1 Be7 8. d4 O-O 9. dxe5 Nxe5 10. Nxe5 dxe5 11. f3 Be6 12. Na3 b5 13. Nc2 Qc7 14. Bg5 h6 15. Bxf6 Bxf6 16. Ne3 Rfd8 17. Qe2 Bg5 18. Kh1 Bxe3 19. Qxe3 Rd7 20. a3 Rad8 21. Be2 Bb3 22. Rac1 c4 23. Rb1 Rd2 24. Qg1 R8d6 25. Qe3 Qb6 26. Qxb6 Rxb6 27. Bd1 Ba2 28. Ra1 Rxb2 29. Re2 Rxe2 30. Bxe2 Bb3 31. Bd1 Rd6 32. Bxb3 cxb3 33. h4 a5 34. a4 bxa4 0-1


[Site "https://www.chess.com"]

[Event "Titled Tuesday Blitz February 15 Early 2022"]
[White "Milanovic, Marko"]
[Black "Bongo Akanga Ndjila, Barthelemy"]
[WhiteFideId "980129"]
[BlackFideId "10609431"]
[WhiteElo "1976"]
[BlackElo "1803"]
[Result "1-0"]
[Round "01"]
[TimeControl "180+1"]
[Date "2022.02.15"]
[WhiteClock "0:00:25"]
[BlackClock "0:00:12"]

1. e4 g6 2. d4 d6 3. Nf3 Bg7 4. Bc4 Nf6 5. Qe2 O-O 6. e5 Ne8 7. O-O d5 8. Bd3 Bg4 9. h3 Bxf3 10. Qxf3 e6 11. Be3 f6 12. exf6 Nxf6 13. Nd2 Ne4 14. Qg4 Nxd2 15. Qxe6+ Kh8 16. Bxd2 Bxd4 17. Rad1 c6 18. c3 Bg7 19. Rfe1 Nd7 20. Bc2 Nc5 21. Qg4 Qf6 22. Be3 Qd6 23. Qb4 b6 24. a4 Rab8 25. a5 Nb7 26. Qxd6 Nxd6 27. axb6 axb6 28. Ra1 Nc4 29. Bc1 Rf7 30. Bd3 Ne5 31. Be2 Rbf8 32. Be3 c5 33. Ra6 Rf6 34. Rea1 Rd6 35. Bxc5 bxc5 36. Rxd6 d4 37. Rd5 dxc3 38. bxc3 c4 39. f4 Nc6 40. Bxc4 Bxc3 41. Rf1 Nb4 42. Rd7 Nc2 43. Rc1 Rxf4 44. Bd3 Bd4+ 45. Kh2 Ne3 46. Rc8+ 1-0


[Site "https://www.chess.com"]

[Event "Titled Tuesday Blitz February 15 Early 2022"]
[White "Miszler, Levente"]
[Black "Urazayev, Arystanbek"]
[WhiteFideId "763276"]
[BlackFideId "13709810"]
[WhiteElo "1966"]
[BlackElo "2321"]
[Result "0-1"]
[Round "01"]
[TimeControl "180+1"]
[Date "2022.02.15"]
[WhiteClock "0:00:08"]
[BlackClock "0:00:19"]

1. Nf3 e6 2. c4 d5 3. d4 Nf6 4. Nc3 h6 5. e3 a6 6. Bd3 dxc4 7. Bxc4 b5 8. Be2 Bb7 9. O-O Nbd7 10. b3 c5 11. Bb2 Be7 12. Rc1 O-O 13. Qc2 Rc8 14. Qb1 Qb6 15. Rfd1 Rfd8 16. Qa1 Bf8 17. dxc5 Nxc5 18. Nd4 b4 19. Nb1 Nce4 20. Nd2 Nxd2 21. Rxd2 Rxc1+ 22. Qxc1 Ne4 23. Rd1 Rc8 24. Qa1 Nc3 25. Bxc3 Rxc3 26. Bc4 Qc7 27. a3 e5 28. Ne2 Rxc4 29. bxc4 bxa3 30. Rc1 Qc6 31. f3 Bc5 32. Qxe5 Qb6 33. Kf2 Bc6 34. Rc2 Bd7 35. Nd4 Ba4 36. Rd2 Qb4 37. Re2 Qxc4 38. Nf5 f6 39. Qb8+ Kh7 40. Qb7 Bf8 41. Qe4 Qxe4 42. fxe4 Bb3 43. Nd4 Bc4 44. Rd2 a2 45. Nc2 Bb4 46. Rd4 Bb3 47. Rxb4 Bxc2 48. Rb2 a1=Q 49. Rxc2 a5 50. Rd2 a4 51. e5 Qxe5 52. Rd1 a3 53. Rd2 Qb2 0-1


[Site "https://www.chess.com"]

[Event "Titled Tuesday Blitz February 15 Early 2022"]
[White "Mohammed, Dilshad"]
[Black "Petrosyan, Manuel"]
[WhiteFideId "5050421"]
[BlackFideId "13300857"]
[WhiteElo "2153"]
[BlackElo "2592"]
[Result "0-1"]
[Round "01"]
[TimeControl "180+1"]
[Date "2022.02.15"]
[WhiteClock "0:00:15"]
[BlackClock "0:00:11"]

1. Nf3 d5 2. c4 e6 3. cxd5 exd5 4. d4 c6 5. e3 Bf5 6. Bd3 Bxd3 7. Qxd3 Nf6 8. Nc3 Bd6 9. O-O O-O 10. e4 dxe4 11. Nxe4 Nxe4 12. Qxe4 Nd7 13. Bg5 Qc7 14. Bh4 Rfe8 15. Qg4 Nf8 16. Rfe1 Ng6 17. Bg3 h6 18. Rac1 Rxe1+ 19. Rxe1 Bxg3 20. hxg3 Rd8 21. Qe4 Qd6 22. Qf5 Ne7 23. Qh5 Nd5 24. Ne5 Rf8 25. Nf3 Qb4 26. Re2 Qc4 27. Ne5 Qxa2 28. Nd7 Rd8 29. Ne5 Nf6 30. Qh4 Qd5 31. Nf3 Qb5 32. Rd2 Re8 33. Ne5 Qb4 34. Qf4 a5 35. g4 Rf8 36. g3 Nd5 37. Nd3 Nxf4 38. Nxb4 Nh3+ 39. Kg2 Nxf2 40. Kxf2 axb4 41. Rd3 Rd8 42. Ke3 Rd5 43. Rb3 Rb5 44. Kd3 Kf8 45. Kc4 Rg5 46. Rxb4 b5+ 47. Kd3 Rxg4 48. Rb3 Rxg3+ 49. Kc2 Rxb3 50. Kxb3 h5 51. d5 cxd5 0-1


[Site "https://www.chess.com"]

[Event "Titled Tuesday Blitz February 15 Early 2022"]
[White "Moksh Amit Doshi"]
[Black "Chincholimath, Halsagar"]
[WhiteFideId "25064967"]
[BlackFideId "5022487"]
[WhiteElo "2245"]
[BlackElo "1737"]
[Result "1-0"]
[Round "01"]
[TimeControl "180+1"]
[Date "2022.02.15"]
[WhiteClock "0:01:28"]
[BlackClock "0:01:33"]

1. d4 d5 2. c4 c6 3. Nf3 Nf6 4. Nc3 dxc4 5. a4 Bf5 6. Ne5 Nbd7 7. Nxc4 Qc7 8. g3 e5 9. dxe5 Nxe5 10. Bf4 Nfd7 11. Bg2 f6 12. O-O Be7 13. Rc1 O-O 14. Nd5 Qd8 15. Nxe7+ Qxe7 16. Nd6 Be6 17. Nxb7 Rab8 18. Na5 Rxb2 19. Nxc6 Nxc6 20. Rxc6 Kh8 21. Bd6 Qf7 22. Bxf8 Nxf8 23. Qd8 Bg4 24. Bd5 1-0


[Site "https://www.chess.com"]

[Event "Titled Tuesday Blitz February 15 Early 2022"]
[White "Molina, Roberto Junio Brito"]
[Black "Gulevich, Artem"]
[WhiteFideId "2109450"]
[BlackFideId "24119580"]
[WhiteElo "2402"]
[BlackElo "2218"]
[Result "1-0"]
[Round "01"]
[TimeControl "180+1"]
[Date "2022.02.15"]
[WhiteClock "0:02:35"]
[BlackClock "0:02:00"]

1. d4 d5 2. Nf3 Nf6 3. e3 e6 4. Bd3 c5 5. c3 Nc6 6. O-O Bd6 7. Nbd2 O-O 8. dxc5 Bxc5 9. e4 dxe4 10. Nxe4 Nxe4 11. Bxe4 Qc7 12. Qe2 b6 13. b4 1-0


[Site "https://www.chess.com"]